 Dungeon Crawl Stone Soup version 0.21-a0-506-ga0ee87aef2 (webtiles) character file.

71 Kaname the Conjurer (level 4, 30/30 HPs)
             Began as a Demonspawn Wizard on Nov 27, 2017.
             Quit the game on level 2 of the Dungeon.
             The game lasted 00:04:06 (1164 turns).

Kaname the Conjurer (Demonspawn Wizard)             Turns: 1164, Time: 00:04:07

Health: 30/30      AC:  3    Str:  7    XL:     4   Next: 5%
Magic:  2/8        EV: 14    Int: 20    God:
Gold:   77         SH:  0    Dex: 12    Spells: 3/9 levels left

rFire    . . .     SeeInvis .   r - +2 dagger (speed)
rCold    . . .     Gourm    .   (no shield)
rNeg     . . .     Faith    .   a - +0 robe
rPois    .         Spirit   .   b - +0 hat
rElec    .         Reflect  .   (no cloak)
rCorr    .         Harm     .   (no gloves)
MR       .....                  g - +0 pair of boots
Stlth    ++........             (no amulet)
HPRegen  0.10/turn              (no ring)
MPRegen  0.11/turn              (no ring)

@: no status effects
A: claws 1, repulsion field 1
a: no special abilities


You were on level 2 of the Dungeon.
You were hungry.

You visited 1 branch of the dungeon, and saw 2 of its levels.

You collected 77 gold pieces.

Inventory:

Hand Weapons
 r - a +2 dagger of speed (weapon)
Missiles
 p - 2 javelins (quivered)
Armour
 a - a +0 robe (worn)
 b - a +0 hat (worn)
 g - a +0 pair of boots (worn)
Scrolls
 k - a scroll of enchant weapon {unknown}
 m - 3 scrolls of remove curse {unknown}
 n - 3 scrolls of immolation {unknown}
 o - 2 scrolls of magic mapping {unknown}
 q - a scroll of noise {unknown}
 s - a scroll of blinking {unknown}
 t - a scroll of identify {unknown}
 u - a scroll of teleportation {unknown}
Potions
 e - a potion of curing {unknown}
 h - a potion of agility {unknown}
 i - a potion of brilliance {unknown}
 j - a potion of heal wounds {unknown}
 l - a potion of cancellation {unknown}
Books
 c - a book of Minor Magic

   Spells                             Type                      Level
   a - Magic Dart                     Conjuration                  1
   b - Blink                          Translocation                2
   c - Call Imp                       Summoning                    2
   d - Slow                           Hexes                        2
   e - Conjure Flame                  Conjuration/Fire             3
   f - Mephitic Cloud                 Conjuration/Poison/Air       3
Comestibles
 d - 2 bread rations
 f - 2 meat rations


   Skills:
 - Level 1.7 Dodging
 - Level 1.7 Stealth
 - Level 3.0 Spellcasting
 - Level 3.2 Conjurations
   Level 1.0 Summonings
 - Level 1.3 Translocations
 - Level 1.0 Air Magic
 + Level 0.5 Poison Magic


You had 3 spell levels left.
You knew the following spells:

 Your Spells              Type           Power        Failure   Level  Hunger
a - Magic Dart            Conj           ###.         3%          1    None
b - Blink                 Tloc           N/A          12%         2    ##.....
c - Mephitic Cloud        Conj/Pois/Air  #.......     22%         3    ###....


Dungeon Overview and Level Annotations

Branches:
Dungeon (2/15)

Altars:


Innate Abilities, Weirdness & Mutations

You have sharp fingernails.
You are surrounded by a mild repulsion field. (EV +2)


Message History

The magic dart hits the ooze.
The ooze is severely wounded.
Casting: Magic Dart
Confirm with . or Enter, or press ? or * to list all spells.
Aiming: Magic Dart
Press: ? - help, Shift-Dir - straight line, f/p - ooze
Aim: an ooze (severely wounded)
The magic dart hits the ooze.
The ooze is severely wounded.
Casting: Magic Dart
Confirm with . or Enter, or press ? or * to list all spells.
Aiming: Magic Dart
Press: ? - help, Shift-Dir - straight line, f/p - ooze
Aim: an ooze (severely wounded)
The magic dart hits the ooze.
You kill the ooze!
You have reached level 4!
You feel agile.
Your demonic ancestry asserts itself...
You begin to radiate repulsive energy.
Are you sure you want to abandon this character and quit the game? (Confirm with "yes".)

#.# #.# ##.##.
#.# .# #.#
#.#... #.# >#
#.#####.##. #.#
.# #<.........
#.# .#
#######.### #.#
.# #.# #
#.###########.#
#.# #
#.............#
#># #
############@.#
#.# # #...#
##.### #..##
##...#† #..#
#....)# #..#
##....#. #..#
#####...)###
#... .........#
##.# #####...##
##.##


There were no monsters in sight!

Vanquished Creatures
  A gnoll (D:1)
  An adder (D:2)
  An ooze (D:2)
  A dart slug (D:2)
  A leopard gecko (D:2)
  A giant cockroach (D:2)
  5 goblins
  7 hobgoblins
  2 jackals (D:1)
  7 kobolds
  7 bats
  4 frilled lizards
  7 rats
45 creatures vanquished.

Notes
Turn   | Place    | Note
-------+----------+-------------------------------------------
     0 | D:1      | Kaname the Demonspawn Wizard began the quest for the Orb.
     0 | D:1      | Reached XP level 1. HP: 13/13 MP: 4/4
   201 | D:1      | Gained mutation: You have sharp fingernails. [demonic ancestry]
   201 | D:1      | Reached XP level 2. HP: 19/19 MP: 3/6
   690 | D:1      | Learned a level 2 spell: Blink
   754 | D:1      | Reached XP level 3. HP: 12/24 MP: 0/7
   792 | D:2      | Reached skill level 1 in Translocations
   957 | D:2      | Learned a level 3 spell: Mephitic Cloud
  1066 | D:2      | Reached skill level 1 in Air Magic
  1163 | D:2      | Gained mutation: You are surrounded by a mild repulsion field. (EV +2) [demonic ancestry]
  1163 | D:2      | Reached XP level 4. HP: 30/30 MP: 2/8
  1164 | D:2      | Quit the game

Vault maps used:
D:1:      lightli_arrival_chessboard, grunt_decor_cap, minmay_domino_4

Skill      XL: |  1  2  3 |
---------------+----------+-----
Conjurations   | 2 3 |  3.2
Translocations | 1 |  1.3
Air Magic      | 1 |  1.0
Dodging        | |  1.7
Stealth        | |  1.7
Spellcasting   | |  3.0
Summonings     | |  1.0
Poison Magic   | |  0.5

Action                   |  1- 3 |  4- 6 || total
-------------------------+-------+-------++-------
Melee: Unarmed           |     2 |       ||     2
       Short sword       |    15 |       ||    15
       Dagger            |    17 |       ||    17
 Cast: Magic Dart        |    76 |     1 ||    77
Armor: Robe              |     9 |       ||     9
Dodge: Dodged            |    18 |       ||    18

Table legend:
 A = Spawn XP
 B = Non-spawn XP
 C = Spawn XP percentage of total XP
 D = Spawn monster count
 E = Non-spawn monster count
 F = Spawn count percentage of total count
 G = Total turns spent on level
                    A         B        C        D         E        F      G
               +---------+---------+-------+---------+---------+-------+---------
         Total |       0 |     102 |   0.0 |       0 |      45 |   0.0 |  1164
               +---------+---------+-------+---------+---------+-------+---------
           D:1 |       0 |      55 |   0.0 |       0 |      27 |   0.0 |   767
           D:2 |       0 |      47 |   0.0 |       0 |      18 |   0.0 |   397
               +---------+---------+-------+---------+---------+-------+---------
